 Dungeon Crawl Stone Soup version 0.32-a0-433-g08bcfe7efd (webtiles) character file.

Game seed: 6487701913981247928

452 lunkers the Chopper (level 7, -5/44 (50) HPs)
             Began as a Coglin Gladiator on Feb 23, 2024.
             Was an Initiate of Gozag.
             Killed from afar by an orc wizard (7 damage)
             ... with a puff of flame
             ... on level 5 of the Dungeon.
             The game lasted 00:02:52 (3427 turns).

lunkers the Chopper (Coglin Gladiator)              Turns: 3427, Time: 00:02:52

HP:   -5/44 (50)    AC:  7    Str: 16    XL:     7   Next: 4%
MP:   7/7           EV: 11    Int:  8    God:    Gozag
Gold: 421           SH:  0    Dex: 15    Spells: 6/6 levels left

rFire   . . .        a - +0 war axe {Nindada}
rCold   . . .        p - +4 flail {Shi}
rNeg    . . .        h - +0 ring mail
rPois   .            c - +0 helmet
rElec   .            (no cloak)
rCorr   .            (no gloves)
SInv    .            n - +0 pair of boots
Will    +....        (no amulet)
Stlth   +            x - ring of willpower
HPRegen 0.27/turn    u - ring of wizardry
MPRegen 0.10/turn

%: wizardry (x1)
@: immotile, heavily drained, revved
A: off-hand wielding, slow wielding, warmup strikes, legs shutdown
a: Renounce Religion, Potion Petition, Call Merchant, Bribe Branch


You were on level 5 of the Dungeon.
You worshipped Gozag.
Gozag was aware of your devotion.
You visited 1 branch of the dungeon, and saw 5 of its levels.

You collected 421 gold pieces.

Inventory:

Hand Weapons
 a - a +0 war axe (weapon) {Nindada}
 f - a +0 dagger {Mira}
 p - a +4 flail (offhand) {Shi}
Missiles
 d - 3 throwing nets
 e - a javelin
 o - 5 curare-tipped darts
Armour
 b - a +0 leather armour
 c - a +0 helmet (worn)
 g - a +0 chain mail
 h - a +0 ring mail (worn)
 n - a +0 pair of boots (worn)
Jewellery
 u - a ring of wizardry (right grasper)
 x - a ring of willpower (left grasper)
Scrolls
 i - a scroll of fog {unknown}
 k - 2 scrolls of noise {unknown}
 l - a scroll of identify
 t - a scroll of immolation {unknown}
 v - a scroll of vulnerability {unknown}
 y - a scroll of brand weapon {unknown}
Potions
 j - 2 potions of mutation
 m - 3 potions of enlightenment
 q - 3 potions of heal wounds
 r - a potion of lignification
 s - a potion of cancellation
 w - a potion of haste


   Skills:
 - Level 2.0 Fighting
 + Level 7.7 Axes
 - Level 1.7 Throwing
 - Level 2.6 Dodging


You had 6 spell levels left.
You didn't know any spells.
Your spell library contained the following spells:

 Spells                   Type           Power      Damage    Failure   Level
 Summon Small Mammal      Summ           0%         N/A       32%         1
 Call Canine Familiar     Summ           0%         N/A       65%         3
 Inner Flame              Hex/Fire       0%         N/A       65%         3
 Flame Wave               Conj/Fire      0%         2d4       96%         4
 Sticky Flame             Fire/Alch      0%         2d4       96%         4
 Summon Blazeheart Golem  Fire/Summ      0%         N/A       96%         4
 Haunt                    Necr/Summ      0%         N/A       100%        7
 Borgnjor's Revivificati  Necr           0%         N/A       100%        8
 Death's Door             Necr           0%         N/A       100%        9


Dungeon Overview and Level Annotations

Branches:
Dungeon (5/15)             Temple (0/1) D:5

Altars:
Fedhas
Gozag

Annotations:
D:3 2 transporters, Sobieck's ghost, amateur CoHu


Innate Abilities, Weirdness & Mutations

You can wield a second weapon in your off-hand.
It takes a long time for you to wield or remove held weapons.
Your first few attacks do less damage.
Attacking and casting redirects power from your legs.


Message History

You kill the black bear!
You miss something with your +0 war axe.
Something hits you.
* * * LOW HITPOINT WARNING * * *
You feel drained.
* * * LOW HITPOINT WARNING * * *
You have reached level 7!
Unknown command.
You cannot move.
Unknown command.
Unknown command.
You barely miss something with your +0 war axe.
You hit something with your +4 flail. Something hits you.
* * * LOW HITPOINT WARNING * * *
You feel drained.
You miss something with your +0 war axe.
You hit something with your +4 flail.
The orc is no longer distracted by gold.
Something hits you.
* * * LOW HITPOINT WARNING * * *
You feel drained.
You miss something with your +0 war axe.
You completely miss something with your +4 flail.
Something hits you.
* * * LOW HITPOINT WARNING * * *
You feel drained.
* * * LOW HITPOINT WARNING * * *
Unknown command.
You closely miss something with your +0 war axe.
You barely miss the orc with your +0 war axe.
You miss something with your +4 flail. Something hits you but does no damage.
You feel drained. The orc closely misses you.
You barely miss something with your +4 flail.
You closely miss something with your +0 war axe.
You hit the orc but do no damage.
You hear some strange, mumbled words.
A puff of flame appears from out of thin air!
The puff of flame hits you!
You die...
Your body crumbles into a pile of gold.

#.........).
..ß.ß.ß...
#..⌠.⌠... #
#.ß.>.ß.# ..
##..⌠.⌠..#..#
#.##..ß.ß.ß.....
........o$..#
........@{..#
##.#.##.###.#
........<...#
##.#.##.##### #
#.# ..# ####


You could see an orc.

Vanquished Creatures
  A black bear (D:5)
  An ogre (D:4)
  Blork the orc (D:4)
  2 hounds (D:4)
  An orc wizard (D:3)
  4 adders
  3 dart slugs
  7 orcs
  7 ball pythons
  10 bats
  7 endoplasms
  A giant cockroach (D:4)
  4 goblins
  5 hobgoblins
  3 jackals (D:2)
  5 kobolds
  3 quokkas
  5 rats
70 creatures vanquished.

Notes
Turn   | Place    | Note
-------+----------+-------------------------------------------
     0 | D:1      | lunkers the Coglin Gladiator began the quest for the Orb.
     0 | D:1      | Reached XP level 1. HP: 16/16 MP: 1/1
    88 | D:1      | Reached XP level 2. HP: 21/22 MP: 2/2
   300 | D:1      | Reached skill level 4 in Axes
   383 | D:1      | Reached XP level 3. HP: 25/27 MP: 3/3
  1705 | D:3      | Found a transporter.
  1707 | D:3      | Found a transporter.
  1707 | D:3      | Noticed Sobieck's ghost (amateur CoHu)
  1713 | D:3      | Reached XP level 4. HP: 30/33 MP: 4/4
  1759 | D:3      | Reached skill level 5 in Axes
  1897 | D:3      | Found a faded altar of an unknown god.
  1935 | D:3      | Prayed at the altar of an unknown god.
  1935 | D:3      | Became a worshipper of Gozag Ym Sagoz the Greedy
  2056 | D:3      | Found a blossoming altar of Fedhas.
  2283 | D:4      | Noticed Blork the orc
  2287 | D:4      | Killed Blork the orc
  2288 | D:4      | Reached skill level 6 in Axes
  2288 | D:4      | Reached XP level 5. HP: 35/38 MP: 5/5
  2604 | D:4      | Noticed an ogre
  2610 | D:4      | Killed an ogre
  2611 | D:4      | Reached skill level 7 in Axes
  2611 | D:4      | Reached XP level 6. HP: 13/44 MP: 6/6
  3403 | D:5      | Entered Level 5 of the Dungeon
  3410 | D:5      | Found a staircase to the Ecumenical Temple.
  3410 | D:5      | Noticed a black bear
  3422 | D:5      | Killed a black bear
  3423 | D:5      | Reached XP level 7. HP: 7/48 MP: 7/7
  3425 | D:5      | HP: 2/45 [something (1)]
  3427 | D:5      | Killed from afar by an orc wizard

Illustrated notes

Levels and vault maps discovered:
D:1:      wander_arrival_desolate, layout_loops_cross
D:2:      layout_basic, grunt_decor_arrowhead, solitary_fountain
D:3:      layout_rooms, fedhas_altar_4, gammafunk_ghost_arena,
          ebering_ecumenical_altar_rust
D:4:      layout_basic, uniq_blork_the_orc
D:5:      layout_loops_ring, minmay_temple_entry_statues_fountains,
          lemuel_flamethrower_2, uniq_eustachio, uniq_pikel

Skill      XL: |  1  2  3  4  5 |
---------------+----------------+-----
Axes           | 4 6 7 |  7.7
Fighting       | |  2.0
Throwing       | |  1.7
Dodging        | |  2.6

Action                     |  1- 3 |  4- 6 |  7- 9 || total
---------------------------+-------+-------+-------++-------
  Melee: War axe           |    70 |    59 |     5 ||   134
         Dagger            |    44 |    12 |       ||    56
         Flail             |       |    44 |     5 ||    49
    Use: Scroll            |       |     6 |       ||     6
 Armour: Leather armour    |    24 |       |       ||    24
         Ring mail         |    18 |    65 |     5 ||    88
  Dodge: Dodged            |    55 |    26 |     1 ||    82

Table legend: (Time is in decaauts)
 A = Elapsed time spent in this place.
 B = Non-inter-level travel time spent in this place.
 C = Inter-level travel time spent in this place.
 D = Time resting spent in this place.
 E = Time spent auto-exploring this place.
 F = Levels seen in this place.
 G = Mean time per level.
                   A        B        C        D        E       F      G
               +--------+--------+--------+--------+--------+-----+--------+
         Total |   3446 |   3194 |    252 |      0 |   2753 |   5 |  689.2 |
       Dungeon |   3446 |   3194 |    252 |      0 |   2753 |   5 |  689.2 |
               +--------+--------+--------+--------+--------+-----+--------+

Top non-repeatable levels by time:
     D:4: 1123 daAuts
     D:2: 1010 daAuts
     D:1: 704 daAuts
     D:3: 581 daAuts
     D:5: 25 daAuts
